 Dungeon Crawl Stone Soup version 0.17.0-22-g5edae84 (webtiles) character file.

149 HaroldButt the Shield-Bearer (level 5, -5/41 HPs)
             Began as a Mummy Fighter on Nov 12, 2015.
             Killed from afar by Terence (19 damage)
             ... with a wand of flame
             ... on level 3 of the Dungeon.
             The game lasted 00:07:49 (1806 turns).

HaroldButt the Shield-Bearer (Mummy Fighter)        Turns: 1806, Time: 00:07:52

Health: -5/41      AC:  8    Str: 19    XL:     5   Next: 9%
Magic:  5/5        EV:  5    Int:  8    God:
Gold:   120        SH:  9    Dex: 12    Spells: 0 memorised, 4 levels left

rFire  x . .     SeeInvis .     a - +0 flail
rCold  + + .     Clarity  .     d - +0 chain mail
rNeg   + + +     SustAt   .     c - +0 shield
rPois  ∞         Gourm    .     (no helmet)
rElec  .         Spirit   .     (no cloak)
rCorr  .         Warding  .     (no gloves)
rMut   .         Stasis   .     (no boots)
MR     .....                    f - amulet of regeneration
Stlth  ..........               (no ring)
                                j - ring of protection from cold

@: not resistant to hostile enchantments, extremely unstealthy
A: no food or potions, fire vulnerability, cold resistance 1, negative energy
resistance 3, torment resistance, unbreathing
a: no special abilities


You were on level 3 of the Dungeon.
You were not hungry.

You visited 1 branch of the dungeon, and saw 3 of its levels.

You collected 120 gold pieces.

Inventory:

Hand Weapons
 a - a +0 flail (weapon)
Armour
 c - a +0 shield (worn)
 d - a +0 chain mail (worn)
Jewellery
 f - an amulet of regeneration (around neck)
 j - a ring of protection from cold (left hand)
Wands
 g - a wand of slowing (12)
 h - a wand of flame (27)
Scrolls
 b - 6 scrolls of identify
 e - 2 scrolls of teleportation
 i - 2 scrolls of remove curse
 k - a scroll of immolation {unknown}


   Skills:
 - Level 3.0 Fighting
 + Level 3.3 Maces & Flails
 - Level 2.4 Armour
 + Level 3.7 Shields


You had 4 spell levels left.
You didn't know any spells.

Dungeon Overview and Level Annotations

Branches:
Dungeon (3/15)

Altars:
Yredelemnul
The Shining One

Annotations:
D:3 Terence


Innate Abilities, Weirdness & Mutations

You do not eat or drink.
Your flesh is vulnerable to fire.
You are immune to poison.
Your flesh is cold resistant.
You are immune to negative energy.
You are immune to unholy pain and torment.
You can survive without breathing.


Message History

You block the goblin's attack.
You hit the goblin.
The goblin is heavily wounded.
You block the hobgoblin's attack. You block the goblin's attack.
The hobgoblin hits you but does no damage.
Your shield and chain mail prevent you from hitting the goblin.
The goblin is heavily wounded.
The goblin hits you but does no damage. The hobgoblin completely misses you.
The goblin hits you but does no damage.
You closely miss the goblin.
The goblin is heavily wounded.
You block the hobgoblin's attack. Terence hits you but does no damage.
The goblin hits you.
You completely miss the goblin.
The goblin is heavily wounded.
The hobgoblin hits you but does no damage.
Terence zaps a wand.
The puff of flame hits you! The fire burns you terribly! The goblin hits you.
You block the hobgoblin's attack.
Terence zaps a wand.
The puff of flame hits you! The fire burns you terribly!
You die...

#..$..#
#.................
8.....8
#####.############
#.....##.. #.#
#8...8# ... #.#
....########.######
...................#
.........###.#####.#
.......g@# #.#
.#######@# #.# #g#
#.# #.# #.# #.# #..
... .. ..# ..# #...


You could see Terence, a hobgoblin and a goblin.

Vanquished Creatures
  A sky beast (D:3)
  Jessica (D:3)
  An ooze (D:1)
  A giant gecko (D:1)
  A giant cockroach (D:1)
  3 goblins
  6 hobgoblins
  4 jackals (D:2)
  4 kobolds
  2 quokkas
  A ball python (D:3)
  4 bats
  A giant newt (D:1)
  5 rats
35 creatures vanquished.

Notes
Turn   | Place    | Note
--------------------------------------------------------------
     0 | D:1      | HaroldButt the Mummy Fighter began the quest for the Orb.
     0 | D:1      | Reached XP level 1. HP: 18/18 MP: 1/1
   419 | D:1      | Reached XP level 2. HP: 24/24 MP: 2/2
   946 | D:2      | Reached XP level 3. HP: 29/29 MP: 3/3
  1071 | D:2      | Found a basalt altar of Yredelemnul.
  1342 | D:3      | Found a glowing golden altar of the Shining One.
  1354 | D:3      | Noticed a sky beast
  1630 | D:3      | Killed a sky beast
  1630 | D:3      | Reached XP level 4. HP: 26/35 MP: 4/4
  1722 | D:3      | Noticed Jessica
  1745 | D:3      | Killed Jessica
  1745 | D:3      | Reached XP level 5. HP: 41/41 MP: 5/5
  1798 | D:3      | Noticed Terence
  1806 | D:3      | Killed from afar by Terence

Action                   |  1- 3 |  4- 6 || total
-------------------------+-------+-------++-------
Melee: Flail             |   127 |    25 ||   152
Evoke: Wand              |       |     2 ||     2
  Use: Scroll            |     2 |       ||     2
